 Dungeon Crawl Stone Soup version 0.28.0-45-g0d030f2227 (webtiles) character file.

Game seed: 1860894457561676727

4020 CryoSword the Geomancer (level 10, 0/59 HPs)
             Began as a Gargoyle Earth Elementalist on Apr 14, 2022.
             Was a Believer of the Shining One.
             Slain by a boulder beetle (48 damage)
             ... on level 8 of the Dungeon.
             The game lasted 00:17:21 (12406 turns).

CryoSword the Geomancer (GrEE)                     Turns: 12406, Time: 00:17:22

Health: 0/59       AC: 19    Str:  8    XL:     10   Next: 23%
Magic:  2/14       EV: 12    Int: 20    God:    the Shining One [**....]
Gold:   209        SH:  5    Dex: 16    Spells: 9/15 levels left

rFire   + . .      SeeInvis .   k - staff of conjuration
rCold   . . .      Faith    .   A - +0 buckler
rNeg    + + +      Spirit   .   l - +1 leather armour "Kiust" {rF+ rN+++ Will+ Str-4}
rPois   ∞          Reflect  .   (no helmet)
rElec   +          Harm     .   (no cloak)
rCorr   .          Rampage  .   q - +0 pair of gloves
Will    +....                   r - +2 pair of boots
Stlth   +.........              (no amulet)
HPRegen 0.19/turn               i - +6 ring of dexterity
MPRegen 0.14/turn               u - +4 ring of protection

@: glowing
A: sickness immunity, AC +7, negative energy resistance 1, electricity
resistance, torment resistance 1, petrification resistance
a: Renounce Religion, Divine Shield


You were on level 8 of the Dungeon.
You worshipped the Shining One.
The Shining One was pleased with you.
You visited 2 branches of the dungeon, and saw 9 of its levels.

You collected 395 gold pieces.
You spent 186 gold pieces at shops.

Inventory:

Hand Weapons
 a - a +2 whip of flaming
   (You took it off a kobold on level 1 of the Dungeon)
Missiles
 c - 7 boomerangs
 g - 21 poisoned darts
 v - 43 stones
 y - a curare-tipped dart
 C - a throwing net
Armour
 l - the +1 leather armour "Kiust" (worn) {rF+ rN+++ Will+ Str-4}
   (You found it on level 2 of the Dungeon)

   Str:       It affects your strength (-4).
   rF:        It protects you from fire.
   rN:        It renders you almost immune to negative energy.
   Will:      It increases your willpower.
 q - a +0 pair of gloves (worn)
   (You found it on level 4 of the Dungeon)
 r - a +2 pair of boots (worn)
   (You found it on level 6 of the Dungeon)
 A - a +0 buckler (worn)
   (You took it off a gnoll sergeant on level 7 of the Dungeon)
 B - +0 pearl dragon scales
   (You found it on level 8 of the Dungeon)
Magical Staves
 k - a staff of conjuration (weapon)
   (You found it on level 2 of the Dungeon)
Jewellery
 i - a +6 ring of dexterity (left hand)
   (You found it on level 6 of the Dungeon)
 t - a ring of flight
   (You found it on level 5 of the Dungeon)
 u - a +4 ring of protection (right hand)
   (You found it on level 5 of the Dungeon)
Wands
 j - a wand of acid (14)
   (You found it on level 2 of the Dungeon)
 s - a wand of flame (28)
   (You found it on level 6 of the Dungeon)
Scrolls
 d - a scroll of fog
 o - 2 scrolls of teleportation {@r4}
 p - 4 scrolls of enchant weapon
 x - a scroll of blinking {unknown}
Potions
 b - 2 potions of flight {unknown}
 e - 3 potions of haste {unknown}
 f - a potion of resistance {unknown}
 h - a potion of attraction {unknown}
 m - 3 potions of curing {@q1}
 n - a potion of heal wounds {@q2}
 w - 2 potions of lignification {unknown}
 z - a potion of degeneration {unknown}


   Skills:
 + Level 5.4 Fighting
 - Level 1.1(3.0) Maces & Flails
 + Level 4.5(4.6) Staves
 - Level 4.0 Dodging
 - Level 2.1 Stealth
 * Level 2.6 Shields
 - Level 3.0 Spellcasting
 * Level 8.0 Conjurations
 - Level 1.4 Transmutations
 * Level 9.5 Earth Magic
 + Level 2.5 Invocations
 - Level 2.0 Evocations


You had 9 spell levels left.
You knew the following spells:

 Your Spells              Type           Power      Damage    Failure   Level
a - Sandblast             Erth           82%        2d17      1%          1
b - Stone Arrow           Conj/Erth      100%       3d13      2%          3
P - Passwall              Tmut/Erth      20%        N/A       4%          2

Your spell library contained the following spells:

 Spells                   Type           Power      Damage    Failure   Level
 Conjure Flame            Conj/Fire      28%        6-21      16%         3
 Petrify                  Tmut/Erth      25%        N/A       28%         4
 Sticky Flame             Conj/Fire      28%        2d5       45%         4
 Ignite Poison            Fire/Tmut/Pois 4%         N/A       56%         3


Dungeon Overview and Level Annotations

Branches:
Dungeon (8/15)             Temple (1/1) D:6
   Lair: D:8-11

Altars:
Ashenzari
Cheibriados
Kikubaaqudgha
Nemelex Xobeh
Okawaru
Qazlal
Ru
Sif Muna
Uskayaw
Wu Jian
Xom
Yredelemnul
Zin
The Shining One

Shops:
D:4 !


Innate Abilities, Weirdness & Mutations

You are immune to sickness and miasma.
Your stone body is resilient. (AC +7)
You are immune to poison.
You resist negative energy. (rN+)
You are resistant to electric shocks. (rElec)
You are resistant to unholy torment.
You are immune to petrification.


Message History

Aim: a boulder beetle (severely wounded, haloed, 100% to hit)
The blast of sand hits the boulder beetle but does no damage.
The boulder beetle bites you!
* * * LOW HITPOINT WARNING * * *
You hit the boulder beetle but do no damage.
The boulder beetle leaps!
You see here a +0 falchion.
The boulder beetle leaps!
The gnoll shouts!
There is a stone staircase leading up here.
You block the gnoll's attack.
You climb upwards.
There is a stone staircase leading down here.
Aim: a gnoll, wielding a +0 whip (haloed, 86% to hit)
You feel a surge of power!
The stone arrow hits the gnoll!
You kill the gnoll!
You start resting.
You start resting.
You climb downwards.
There is a stone staircase leading up here.
The boulder beetle leaps!
Aim: a boulder beetle (haloed, 100% to hit)
You feel a surge of power!
The stone arrow hits the boulder beetle!!
Aim: a boulder beetle (moderately wounded, haloed, 100% to hit)
You feel a surge of power!
The stone arrow hits the boulder beetle!
The boulder beetle barely misses you.
Aim: a boulder beetle (moderately wounded, haloed, 100% to hit)
You feel a surge of power!
The stone arrow hits the boulder beetle.
The boulder beetle misses you.
Aim: a boulder beetle (heavily wounded, haloed, 100% to hit)
You feel a surge of power!
The stone arrow hits the boulder beetle!
The boulder beetle completely misses you.
You don't have enough magic to cast this spell.
You hit the boulder beetle but do no damage.
The boulder beetle bites you!!
Unknown command.
You hit the boulder beetle but do no damage.
The boulder beetle bites you but does no damage.
You don't have enough magic to cast this spell.
You hit the boulder beetle but do no damage.
The boulder beetle bites you but does no damage.
You hit the boulder beetle. The boulder beetle misses you.
You hit the boulder beetle but do no damage.
The boulder beetle completely misses you.
You hit the boulder beetle but do no damage.
The boulder beetle bites you but does no damage.
You hit the boulder beetle but do no damage.
The boulder beetle leaps!
Okay, then.
There is a stone staircase leading up here.
The boulder beetle curls into a ball and begins rolling!
You climb upwards.
There is a stone staircase leading down here.
You start resting.
You start resting.
You climb downwards.
The boulder beetle bites you.
There is a stone staircase leading up here.
Aim: a boulder beetle (lightly wounded, haloed, 100% to hit)
You feel a surge of power!
The stone arrow hits the boulder beetle!
The boulder beetle bites you!
Aim: a boulder beetle (lightly wounded, haloed, 100% to hit)
You feel a surge of power!
The stone arrow hits the boulder beetle!
The boulder beetle leaps!
Aim: a boulder beetle (moderately wounded, 100% to hit)
You feel a surge of power!
The stone arrow hits the boulder beetle!
Aim: a boulder beetle (heavily wounded, 100% to hit)
You feel a surge of power!
The stone arrow hits the boulder beetle!
The boulder beetle curls into a ball and begins rolling!
You climb upwards.
There is a stone staircase leading down here.
You start resting.
You start resting.
You climb downwards.
The boulder beetle bites you. The boulder beetle bites you!!
There is a stone staircase leading up here.
Aim: a boulder beetle (lightly wounded, haloed, 100% to hit)
You feel a surge of power!
The stone arrow hits the boulder beetle.
The boulder beetle barely misses you.
Aim: a boulder beetle (lightly wounded, haloed, 100% to hit)
You feel a surge of power!
The stone arrow hits the boulder beetle.
The boulder beetle bites you!
* * * LOW HITPOINT WARNING * * *
Aim: a boulder beetle (lightly wounded, haloed, 100% to hit)
You feel a surge of power!
The stone arrow hits the boulder beetle but does no damage.
The boulder beetle barely misses you.
Aim: a boulder beetle (lightly wounded, haloed, 100% to hit)
You feel a surge of power!
The stone arrow hits the boulder beetle!!
The boulder beetle bites you!
* * * LOW HITPOINT WARNING * * *
The boulder beetle curls into a ball and begins rolling!
The boulder beetle hits you!
* * * LOW HITPOINT WARNING * * *
The boulder beetle stops rolling and uncurls.
The boulder beetle leaps!
The boulder beetle leaps!
There is a stone staircase leading up here.
You climb upwards.
There is a stone staircase leading down here.
You start resting.
You start resting.
You climb downwards.
The boulder beetle bites you!
There is a stone staircase leading up here.
Aim: a boulder beetle (haloed, 100% to hit)
You feel a surge of power!
The stone arrow hits the boulder beetle.
The boulder beetle closely misses you.
Aim: a boulder beetle (haloed, 100% to hit)
You feel a surge of power!
The stone arrow hits the boulder beetle.
You block the boulder beetle's attack.
Aim: a boulder beetle (lightly wounded, haloed, 100% to hit)
You feel a surge of power!
The stone arrow hits the boulder beetle!
The boulder beetle bites you but does no damage.
Aim: a boulder beetle (moderately wounded, haloed, 100% to hit)
You feel a surge of power!
The stone arrow hits the boulder beetle!
The boulder beetle bites you.
The boulder beetle bites you but does no damage.
You climb upwards.
There is a stone staircase leading down here.
You hit the boulder beetle but do no damage.
The boulder beetle bites you. The boulder beetle barely misses you.
You climb downwards.
There is a stone staircase leading up here.
Aim: a boulder beetle (moderately wounded, haloed, 100% to hit)
You feel a surge of power!
The stone arrow hits the boulder beetle but does no damage.
The boulder beetle waves its antennae.
You block the boulder beetle's attack.
The boulder beetle curls into a ball and begins rolling!
The boulder beetle hits you but does no damage.
The boulder beetle stops rolling and uncurls.
The boulder beetle curls into a ball and begins rolling!
The boulder beetle hits you!!!
Ouch! That really hurt!
You die...

#(##.[))##.#.....#.##.##.#
#.##.##.##.#.....#.##.##.#
#.##.##.##.###.###.##.##.#
#..........# #.# #.##.##.#
####.####### #.# #.##.##.#
#.#########.# #.......#
#.#......<..######[####
#.#................#
#....####@#.######## ##
####.####B#.#
†##########..°°○.#.#
<.B°°.>..#########.#
.......#. #.# .#####.#.
##.## .# ###.#.# #...# .#
#...°..# #...#####.## .#
#.#.#°.# #...........


You could see a boulder beetle (rolling).

Vanquished Creatures
  4 yaks
  Eustachio (D:5)
  A steam dragon (D:8)
  2 vampire mosquitoes (D:7)
  3 water moccasins
  An orc warrior (D:6)
  2 ice beasts
  4 ogres
  A centaur (D:8)
  A kobold brigand (D:7)
  A phantom (D:2)
  2 gnoll sergeants
  A wyvern zombie (D:7)
  A bullfrog (D:7)
  2 water moccasin zombies
  A water moccasin skeleton (D:7)
  8 wights
  A howler monkey (D:7)
  2 centaur zombies (D:7)
  2 jellies (D:5)
  A bullfrog zombie (D:6)
  4 orc priests
  2 hounds
  2 bullfrog skeletons
  3 gnoll shamans
  An iguana (D:4)
  4 orc wizards (D:5)
  A killer bee zombie (D:6)
  A hound skeleton (D:4)
  9 adders
  10 gnolls
  2 shadow imps
  3 white imps (D:7)
  3 ufetubi
  An adder skeleton (D:4)
  2 worms (D:2)
  2 dart slugs (D:1)
  14 orcs
  8 bats
  9 endoplasms
  2 giant cockroaches (D:2)
  11 goblins
  5 hobgoblins
  14 kobolds
  4 quokkas
  9 ball pythons
  3 frilled lizards
  9 rats
180 creatures vanquished.

Notes
Turn   | Place    | Note
-------+----------+-------------------------------------------
     0 | D:1      | CryoSword the Gargoyle Earth Elementalist began the quest
                  | for the Orb.
     0 | D:1      | Reached XP level 1. HP: 10/10 MP: 3/3
   157 | D:1      | Reached XP level 2. HP: 16/16 MP: 3/5
   444 | D:1      | Found a faded altar of an unknown god.
   511 | D:1      | Reached skill level 1 in Conjurations
   511 | D:1      | Reached skill level 4 in Earth Magic
   528 | D:1      | Reached skill level 1 in Transmutations
   909 | D:1      | Reached XP level 3. HP: 20/20 MP: 6/6
  1068 | D:2      | Found a sacrificial altar of Ru.
  1173 | D:2      | Reached skill level 1 in Fighting
  1451 | D:2      | Learned a level 3 spell: Stone Arrow
  1454 | D:2      | Learned a level 2 spell: Passwall
  1954 | D:2      | Noticed a phantom
  1963 | D:2      | Killed a phantom
  1964 | D:2      | Reached skill level 1 in Maces & Flails
  1964 | D:2      | Reached XP level 4. HP: 13/25 MP: 0/7
  1964 | D:2      | Reached XP level 5. HP: 15/29 MP: 0/8
  2227 | D:2      | Identified the +1 leather armour "Kiust" {rF+ rN+++ Will+
                  | Str-4}
  3105 | D:3      | Noticed an ogre
  3124 | D:3      | Killed an ogre
  3125 | D:3      | Reached skill level 5 in Earth Magic
  3125 | D:3      | Reached XP level 6. HP: 24/35 MP: 3/9
  3571 | D:3      | Reached skill level 1 in Staves
  4425 | D:4      | Found Rafiutal's Distillery.
  4428 | D:4      | Found a broken altar of Ashenzari.
  4472 | D:4      | Bought a potion of heal wounds for 60 gold pieces
  4472 | D:4      | Bought a potion of curing for 36 gold pieces
  4763 | D:4      | Found a stormy altar of Qazlal.
  4817 | D:4      | Reached XP level 7. HP: 40/40 MP: 7/10
  4972 | D:4      | Reached skill level 1 in Evocations
  5171 | D:4      | Found a sparkling altar of Nemelex Xobeh.
  5210 | D:5      | Entered Level 5 of the Dungeon
  5258 | D:5      | Reached skill level 6 in Earth Magic
  5601 | D:5      | Found Zin's Purification Station.
  5603 | D:5      | Found a glowing silver altar of Zin.
  5606 | D:5      | Noticed Eustachio
  6149 | D:5      | Reached XP level 8. HP: 46/46 MP: 1/11
  6262 | D:5      | Killed Eustachio
  6263 | D:5      | Reached skill level 5 in Conjurations
  6644 | D:5      | Reached skill level 7 in Earth Magic
  6888 | D:5      | Bought a potion of curing for 90 gold pieces
  7244 | D:6      | Found a staircase to the Ecumenical Temple.
  7253 | Temple   | Entered the Ecumenical Temple
  7302 | Temple   | Became a worshipper of the Shining One
  7878 | D:6      | Found a basalt altar of Yredelemnul.
  7881 | D:6      | Found an ornate altar of the Wu Jian Council.
  7953 | D:6      | Found a shimmering altar of Xom.
  7954 | D:6      | Found an iron altar of Okawaru.
  7954 | D:6      | Found a shimmering blue altar of Sif Muna.
  7956 | D:6      | Found a snail-covered altar of Cheibriados.
  7958 | D:6      | Found a hide-covered altar of Uskayaw.
  7959 | D:6      | Found an ancient bone altar of Kikubaaqudgha.
  8158 | D:6      | Reached XP level 9. HP: 52/52 MP: 3/13
  8606 | D:7      | Reached skill level 8 in Earth Magic
  8662 | D:7      | Reached * piety under the Shining One
  9403 | D:7      | Found the +8 woodcutter's axe {vorpal}
  9718 | D:7      | Reached ** piety under the Shining One
 10033 | D:7      | Reached skill level 1 in Invocations
 10505 | D:7      | Reached skill level 5 in Fighting
 10629 | D:7      | Reached skill level 9 in Earth Magic
 10985 | D:8      | Reached skill level 1 in Shields
 11043 | D:8      | Reached XP level 10. HP: 59/59 MP: 1/14
 11513 | D:8      | Noticed a boulder beetle
 12406 | D:8      | Slain by a boulder beetle

Illustrated notes

Levels and vault maps discovered:
D:1:      dpeg_arrival_round_c, layout_basic, hellmonk_ecumenical_altar_lost_god
D:2:      wad_crossroads, layout_basic, basic_altar
D:3:      minmay_skewed_foursquare, layout_basic
D:4:      layout_gridville, lemuel_round_altar, mainiacjoe_overflow_brackets,
          general_overflow_altar, serial_shops, shop
D:5:      layout_basic, zin_purify, uniq_eustachio
D:6:      layout_loops_ring, minitemple, minmay_temple_entry_wispy, minivault_4,
          minmay_misc_feat_iff, patterned_corridor
D:7:      layout_loops_ring, st_stairs_5, pf_guarded_unrand_woodcutter
D:8:      layout_loops_cross, hex_tiny
Temple:   nicolae_temple_figure_zero

Skill      XL: |  1  2  3  4  5  6  7  8  9 10 |
---------------+-------------------------------+-----
Conjurations   | 1 2 3 4 6 7 8 |  8.0
Earth Magic    | 4 5 6 7 9 |  9.5
Transmutations | 1 |  1.4
Fighting       | 1 2 3 4 5 |  5.4
Maces & Flails | 1 |  1.1
Dodging        | 2 3 4 |  4.0
Staves         | 1 2 3 4 |  4.5
Evocations     | 1 2 |  2.0
Spellcasting   | 3 |  3.0
Invocations    | 2 |  2.5
Shields        | 1 2 |  2.6
Stealth        | |  2.1

Action                   |  1- 3 |  4- 6 |  7- 9 | 10-12 || total
-------------------------+-------+-------+-------+-------++-------
Melee: Unarmed           |    13 |       |       |       ||    13
       Whip              |    85 |       |       |       ||    85
       Punch             |     1 |     3 |     4 |       ||     8
       Staff             |       |   137 |   147 |    36 ||   320
 Cast: Sandblast         |    18 |    58 |    21 |    13 ||   110
       Stone Arrow       |       |       |   116 |    29 ||   145
  Use: Scroll            |       |       |     9 |       ||     9
 Stab: Sleeping          |     4 |     2 |       |       ||     6
       Distracted        |       |     1 |       |       ||     1
Armor: Ring mail         |    46 |     6 |       |       ||    52
       Robe              |     2 |       |       |       ||     2
       Leather armour    |       |    71 |   110 |    33 ||   214
Dodge: Dodged            |    48 |   123 |   139 |    32 ||   342
Block: Buckler           |       |       |       |    13 ||    13
